 Dungeon Crawl Stone Soup version 0.17.2-1-ge4368a0 (webtiles) character file.

367 Goblin1989 the Cudgeler (level 6, -9/47 HPs)
             Began as a Demonspawn Fighter on Sept 22, 2016.
             Was an Initiate of Okawaru.
             Mangled by an ogre
             ... wielding a +0 giant club
              (17 damage)
             ... on level 4 of the Dungeon.
             The game lasted 00:11:38 (4152 turns).

Goblin1989 the Cudgeler (Demonspawn Fighter)        Turns: 4152, Time: 00:11:38

Health: -9/47      AC:  9    Str: 18    XL:     6   Next: 41%
Magic:  0/6        EV:  6    Int:  9    God:    Okawaru [......]
Gold:   99         SH:  7    Dex: 13    Spells: 0 memorised, 5 levels left

rFire  . . .     SeeInvis .     a - +0 flail
rCold  + . .     Clarity  .     b - +0 scale mail
rNeg   . . .     SustAt   .     c - +0 shield
rPois  .         Gourm    .     r - +0 helmet
rElec  .         Spirit   +     l - +0 cloak
rCorr  .         Warding  .     n - +0 pair of gloves
rMut   .         Stasis   .     (no boots)
MR     .....                    (no amulet)
Stlth  ..........               (no ring)
                                (no ring)

@: very slightly contaminated, starving, very heavily drained, invisible, not
resistant to hostile enchantments, extremely unstealthy
A: talons 1, cold resistance 1, magic shield
a: Renounce Religion


You were on level 4 of the Dungeon.
You worshipped Okawaru.
Okawaru was noncommittal.
You were starving.

You visited 1 branch of the dungeon, and saw 4 of its levels.

You collected 99 gold pieces.

Inventory:

Hand Weapons
 a - a +0 flail (weapon)
Armour
 b - a +0 scale mail (worn)
 c - a +0 shield (worn)
 l - a +0 cloak (worn)
 n - a +0 pair of gloves (worn)
 r - a +0 helmet (worn)
Jewellery
 i - a cursed ring of teleportation {unknown}
Wands
 u - a wand of disintegration (13)
Scrolls
 d - a scroll of immolation {unknown}
 h - 4 scrolls of remove curse {unknown}
 j - a scroll of teleportation {unknown}
 s - a scroll of identify {unknown}
 t - a scroll of recharging {unknown}
Potions
 g - a potion of curing {unknown}
 k - a potion of cancellation {unknown}
 p - a potion of poison {unknown}
 q - 2 potions of agility {unknown}
Comestibles
 e - 2 bread rations
 f - 2 fruits
 m - 2 beef jerkies
 v - a royal jelly
 w - a slice of pizza


   Skills:
 - Level 3.0(0.0) Fighting
 + Level 6.3(0.0) Maces & Flails
 - Level 2.6(0.0) Armour
 - Level 2.6(0.0) Shields


You had 5 spell levels left.
You didn't know any spells.

Dungeon Overview and Level Annotations

Branches:
Dungeon (4/15)
 Temple: D:4-7

Altars:
Elyvilon
Okawaru
Yredelemnul

Annotations:
D:3 Sigmund


Innate Abilities, Weirdness & Mutations

You have sharp toenails.
Your flesh is cold resistant.
When hurt, damage is shared between your health and your magic reserves.


Message History

You take 16 damage, and have 31/47 hp.
MASSIVE DAMAGE!!
You now have 4/6 mp.
You hit the ogre. Your kick misses the ogre.
The ogre is moderately wounded.
The ogre hits you with a giant club! The ogre completely misses you.
You take 14 damage, and have 17/47 hp.
MASSIVE DAMAGE!!
You now have 2/6 mp.
You hit the ogre. Your kick misses the ogre.
The ogre is moderately wounded.
The ogre hits you with a giant club!
* * * LOW HITPOINT WARNING * * *
You take 9 damage, and have 8/47 hp.
You now have 0/6 mp.
Unknown command.
You are starving!
You barely miss the ogre.
The ogre is moderately wounded.
The ogre hits you with a giant club!
You die...

##...##.##...##.....
##.....###.....##....
#...!...#...[...#....
#.......#...(...#....
#.......#.......#..##
#.....###.....###.## #.S.#
##...##....#
#+#######O#######'##..##.#
.........@...........###.#
.....................# #.#
........).)..........# #..
#+#######)#######'#### ##)
##...## ##...## #..
##.)...###.....## #..
#.......#.......# #..
#.......#.......# #..
#.......#.......# #..


You could see an ogre and an adder.

Vanquished Creatures
  A scorpion (D:4)
  A hound (D:4)
  An orc wizard (D:4)
  3 worker ants (D:4)
  6 adders
  5 gnolls
  4 worms
  4 giant geckos
  6 orcs
  7 bats
  7 giant cockroaches
  6 goblins
  6 hobgoblins
  3 jackals (D:2)
  2 quokkas
  A giant newt (D:2)
  7 kobolds
  A quokka skeleton (D:4)
  9 rats
80 creatures vanquished.

Notes
Turn   | Place    | Note
--------------------------------------------------------------
     0 | D:1      | Goblin1989 the Demonspawn Fighter began the quest for the Orb.
     0 | D:1      | Reached XP level 1. HP: 18/18 MP: 1/1
   424 | D:1      | Gained mutation: You have sharp toenails. [demonic ancestry]
   424 | D:1      | Reached XP level 2. HP: 24/24 MP: 2/2
   952 | D:1      | Reached XP level 3. HP: 7/29 MP: 3/3
  1944 | D:2      | Reached skill level 4 in Maces & Flails
  1944 | D:2      | Gained mutation: When hurt, damage is shared between your health and your magic reserves. [demonic ancestry]
  1944 | D:2      | Reached XP level 4. HP: 35/35 MP: 4/4
  1964 | D:2      | Found a basalt altar of Yredelemnul.
  2311 | D:2      | Found a white marble altar of Elyvilon.
  2742 | D:2      | Goblin1989: николя убил
  2742 | D:2      | Goblin1989: вот тебе и отсутствие релека
  2742 | D:2      | Goblin1989: а поушенов резиста не было
  2743 | D:2      | Gained mutation: Your flesh is cold resistant. [demonic ancestry]
  2743 | D:2      | Reached XP level 5. HP: 41/41 MP: 5/5
  2902 | D:3      | Noticed Sigmund
  3186 | D:4      | Reached skill level 5 in Maces & Flails
  3204 | D:4      | ololoev: !lg goblin1989 -log
  3205 | D:4      | beem: 1106. Goblin1989, XL16 DsAs, T:28406: http://crawl.xtahua.com/crawl/morgue/Goblin1989/morgue-Goblin1989-20160922-110832.txt
  3306 | D:4      | ololoev: чому не убежал?
  3311 | D:4      | ololoev: он же один был
  3313 | D:4      | Goblin1989: ну убежал бы я о него
  3313 | D:4      | Goblin1989: адальше-то податься некуда
  3313 | D:4      | ololoev: спайдеры
  3313 | D:4      | Goblin1989: меня и так гоняли повсюду
  3388 | D:4      | ololoev: в спайдерах ос обычно нет на 1-2 этажах
  3436 | D:4      | ololoev: ну и они не такие страшные по одной если мочить
  3444 | D:4      | Reached XP level 6. HP: 19/47 MP: 3/6
  3685 | D:4      | Reached skill level 6 in Maces & Flails
  3699 | D:4      | Found an iron altar of Okawaru.
  3730 | D:4      | Became a worshipper of Warmaster Okawaru
  4145 | D:4      | Noticed an ogre
  4152 | D:4      | Mangled by an ogre

Action                   |  1- 3 |  4- 6 || total
-------------------------+-------+-------++-------
Melee: Flail             |   157 |   191 ||   348
  Use: Potion            |     1 |     2 ||     3
  Eat: Chunk             |     3 |     5 ||     8
       Fruit             |       |     1 ||     1
